 Dungeon Crawl Stone Soup version 0.21.1-1-g345015fe64 (webtiles) character file.

74 NullDivider the Charlatan (level 4, -4/22 HPs)
             Began as a Spriggan Artificer on June 1, 2018.
             Slain by an orc warrior
             ... wielding a +0 scimitar
              (18 damage)
             ... on level 2 of the Dungeon.
             The game lasted 00:04:44 (2346 turns).

NullDivider the Charlatan (Spriggan Artificer)      Turns: 2346, Time: 00:04:45

Health: -4/22      AC:  2    Str:  8    XL:     4   Next: 10%
Magic:  17/17      EV: 19    Int: 12    God:
Gold:   71         SH:  0    Dex: 17    Spells: 3/3 levels left

rFire    . . .     SeeInvis +   a - +0 short sword
rCold    . . .     Gourm    .   (shield restricted)
rNeg     . . .     Faith    .   b - +0 robe
rPois    .         Spirit   .   (helmet restricted)
rElec    .         Reflect  .   (no cloak)
rCorr    +         Harm     .   (gloves unavailable)
MR       .....                  (boots unavailable)
Stlth    ++........             (no amulet)
HPRegen  0.07/turn              j - ring of magical power
MPRegen  0.15/turn              s - ring of resist corrosion

@: very quick
A: very small, unfitting armour, see invisible, herbivore, speed 3, slow
metabolism 2
a: no special abilities


You were on level 2 of the Dungeon.
You were not hungry.

You visited 1 branch of the dungeon, and saw 2 of its levels.

You collected 71 gold pieces.

Inventory:

Hand Weapons
 a - a +0 short sword (weapon)
Missiles
 k - 15 arrows
 l - 27 stones (quivered)
 q - 12 sling bullets
Armour
 b - a +0 robe (worn)
Jewellery
 j - a ring of magical power (left hand)
 s - a ring of resist corrosion (right hand)
 v - an uncursed ring of flight {unknown}
Wands
 c - a wand of flame (15)
 d - a wand of enslavement (13)
 e - a wand of random effects (15)
Scrolls
 g - a scroll of noise {unknown}
 h - 2 scrolls of remove curse {unknown}
 i - 2 scrolls of enchant weapon {unknown}
 m - 2 scrolls of fear {unknown}
 n - 2 scrolls of enchant armour {unknown}
 p - a scroll of random uselessness {unknown}
 r - a scroll of teleportation {unknown}
 t - a scroll of identify {unknown}
 w - a scroll of magic mapping {unknown}
Potions
 o - a potion of curing {unknown}
 u - a potion of might {unknown}
Comestibles
 f - a ration


   Skills:
 * Level 1.3 Fighting
 * Level 2.8 Short Blades
 + Level 3.7 Dodging
 + Level 2.5 Stealth
 + Level 4.6 Evocations


You had 3 spell levels left.
You didn't know any spells.

Dungeon Overview and Level Annotations

Branches:
Dungeon (2/15)

Altars:
Dithmenos
Uskayaw
Zin


Innate Abilities, Weirdness & Mutations

You are very small and have problems with some larger weapons.
You are too small for most types of armour.
You have supernaturally acute eyesight. (SInv)
You are a herbivore.
You cover ground extremely quickly.
You need consume almost no food.


Message History

Your orc warrior hits the worm with a scimitar!!
The worm dies!
Really attack your orc warrior?
You hit your orc warrior but do no damage.
The orc warrior is no longer charmed.
The orc warrior is moderately wounded.
You closely miss the orc warrior.
The orc warrior is moderately wounded.
The orc warrior barely misses you.
You completely miss the orc warrior.
The orc warrior is moderately wounded.
The orc warrior closely misses you.
You closely miss the orc warrior.
The orc warrior is moderately wounded.
The orc warrior hits you with a scimitar.
You barely miss the orc warrior.
The orc warrior is moderately wounded.
The orc warrior hits you with a scimitar!!
Ouch! That really hurt!
You die...

#.# #.###...................
#.#####.####.......<..........
#............##...........<...
#...........##........).......
#.............................
#...........#.)..#..>.........
#.....>.....#)................
#............o.....##..#......
#...........#@.).#..#..##.....
#.#######)#.###..##.#..#.....#
#.# #.#.# #.....#....###.# #.#
#.#.###..#........##.. ##.#
#.#...##...........### #..#
#.###...............#
###.########.###..##...........##
........##.og......#...........#.
.............o.....##............


You could see an orc warrior.

Vanquished Creatures
  2 dart slugs
  A leopard gecko (D:2)
  An orc (D:2)
  7 bats
  4 giant cockroaches
  2 goblins
  2 hobgoblins
  A quokka (D:2)
  A frilled lizard (D:2)
  9 kobolds
  6 rats
36 creatures vanquished.

Vanquished Creatures (collateral kills)
  An orc priest (D:2)
  An orc wizard (D:2)
  A worm (D:2)
3 creatures vanquished.

Vanquished Creatures (others)
  An orc wizard (D:2)
1 creature vanquished.

Grand Total: 40 creatures vanquished

Notes
Turn   | Place    | Note
-------+----------+-------------------------------------------
     0 | D:1      | NullDivider the Spriggan Artificer began the quest for the Orb.
     0 | D:1      | Reached XP level 1. HP: 9/9 MP: 4/4
    99 | D:1      | Reached skill level 1 in Fighting
   562 | D:1      | Reached XP level 2. HP: 10/14 MP: 6/6
  1483 | D:2      | Found a hide-covered altar of Uskayaw.
  1485 | D:2      | Noticed a hand axe
  1485 | D:2      | Noticed a dagger
  1498 | D:2      | Reached XP level 3. HP: 14/18 MP: 7/7
  1605 | D:2      | Found a glowing silver altar of Zin.
  1606 | D:2      | Found a shadowy altar of Dithmenos.
  2085 | D:2      | Noticed an orc warrior
  2334 | D:2      | Reached XP level 4. HP: 18/22 MP: 8/8
  2346 | D:2      | Slain by an orc warrior

Skill      XL: |  1  2  3 |
---------------+----------+-----
Fighting       | 1 |  1.3
Short Blades   | 2 |  2.8
Stealth        | 2 |  2.5
Dodging        | |  3.7
Evocations     | |  4.6

Action                   |  1- 3 |  4- 6 || total
-------------------------+-------+-------++-------
Melee: Short sword       |   150 |     6 ||   156
Evoke: Wand              |     2 |       ||     2
 Stab: Sleeping          |     3 |       ||     3
Armor: Robe              |    21 |       ||    21
Dodge: Dodged            |   164 |     3 ||   167
